Map: [ESL] Solaris

Players

Cyan - Winner!

  • Race: Protoss Protoss
  • Spawn Location: 1:00

Nice

  • Race: Protoss Protoss
  • Spawn Location: 7:00

Event: ESL SC2 Masters 2023 Winter (Regional)

VOD

Have the link to the VOD?

Description

Time

  • Played on: Nov. 9, 2023, 7:35 a.m.
  • Length: 12:08

All games in this series

Show
View Real Time Build Order
Export as new Build Order

Cyan Protoss - Winner!

Build Orders: Oracle Opening 

Get SALT Encoding   

  12  0:00  Probe  
  13  0:12  Probe  
  14  0:18  Pylon  
  14  0:24  Probe (Chrono Boost)  
  15  0:36  Probe (Chrono Boost)  
  15  0:39  Gateway  
  16  0:45  Assimilator, Probe (Chrono Boost)  
  17  0:51  Probe  
  17  0:54  Assimilator  
  18  1:03  Probe (Chrono Boost)  
  19  1:07  Gateway  
  19  1:13  Probe (Chrono Boost)  
  19  1:17  Probe (Chrono Boost)  
  21  1:28  Cybernetics Core  
  21  1:29  Probe  
  21  1:32  Pylon  
  22  1:41  Probe  
  23  1:53  Probe  
  24  2:05  Warp Gate, Adept x2  
  28  2:13  Pylon  
  28  2:16  Probe  
  29  2:28  Stargate  
  29  2:34  Probe  
  29  2:35  Adept x2  
  33  2:58  Nexus  
  33  3:12  Oracle (Chrono Boost)  
  33  3:14  Pylon  
  33  3:16  Probe  
  35  3:26  Shield Battery  
  35  3:28  Probe  
  36  3:38  Twilight Council  
  36  3:41  Probe  
  37  3:43  Oracle (Chrono Boost)  
  40  3:53  Probe  
  41  4:02  Stalker  
  43  4:05  Stalker  
  45  4:11  Probe  
  45  4:12  Probe  
  47  4:19  Blink (Chrono Boost)  
  48  4:24  Probe x2 (Chrono Boost)  
  49  4:35  Probe (Chrono Boost)  
  49  4:36  Probe (Chrono Boost)  
  51  4:38  Gateway  
  51  4:41  Probe (Chrono Boost)  
  51  4:42  Probe (Chrono Boost)  
  51  4:52  Stalker x2, Probe  
  56  4:54  Probe  
  56  4:59  Pylon  
  57  5:04  Probe  
  57  5:05  Pylon  
  57  5:06  Probe  
  59  5:16  Probe  
  59  5:18  Stalker  
  59  5:19  Stalker  
  64  5:23  Gateway  
  64  5:32  Nexus  
  64  5:46  Stalker x3  
  66  5:53  Probe  
  66  5:54  Probe  
  66  5:55  Assimilator  
  67  5:57  Pylon  
  63  6:11  Stalker x3  
  63  6:16  Probe  
  66  6:21  Stalker  
  66  6:23  Probe  
  69  6:27  Robotics Facility  
  69  6:28  Probe  
  69  6:31  Forge  
  70  6:35  Probe, Pylon  
  70  6:37  Pylon  
  71  6:40  Probe  
  72  6:47  Stalker x2, Adept x2  
  72  6:53  Probe x2 (Chrono Boost)  
  83  6:59  Probe (Chrono Boost)  
  83  7:02  Protoss Ground Weapons Level 1 (Chrono Boost)  
  83  7:03  Probe x2 (Chrono Boost)  
  83  7:07  Probe (Chrono Boost)  
  86  7:08  Probe x2 (Chrono Boost)  
  86  7:09  Assimilator  
  88  7:15  Stalker  
  88  7:16  Stalker x2  
  88  7:18  Probe  
  91  7:25  Stalker  
  91  7:26  Probe  
  91  7:29  Probe  
  90  7:31  Observer (Chrono Boost), Probe  
  87  7:38  Probe  
  87  7:41  Stalker x2  
  87  7:42  Probe  
  93  7:49  Probe  
  93  7:50  Stalker  
  93  7:51  Photon Cannon, Probe  
  97  7:55  Charge (Chrono Boost)  
  97  7:58  Gateway  
  97  8:00  Gateway  
  97  8:02  Gateway  
  97  8:05  Gateway  
  97  8:07  Immortal  
  97  8:11  Pylon  
  101  8:16  Adept  
  101  8:17  Adept  
  101  8:18  Zealot  
  101  8:19  Zealot  
  109  8:24  Shield Battery  
  109  8:25  Pylon  
  109  8:32  Nexus  
  109  8:33  Pylon  
  105  8:37  Pylon  
  105  8:38  Photon Cannon  
  105  8:47  Pylon  
  105  8:50  Immortal (Chrono Boost)  
  105  8:54  Sentry x2, Zealot x2  
  117  9:01  Protoss Ground Weapons Level 2 (Chrono Boost)  
  113  9:05  Shield Battery, Probe x2  
  113  9:06  Probe  
  113  9:07  Photon Cannon  
  116  9:10  Pylon  
  116  9:14  Pylon  
  116  9:15  Templar Archives  
  116  9:17  Probe  
  116  9:20  Pylon  
  116  9:21  Zealot  
  119  9:24  Zealot  
  119  9:28  Immortal (Chrono Boost)  
  125  9:32  Zealot  
  125  9:37  Gateway  
  127  9:45  Gateway  
  127  9:49  Zealot x4  
  135  9:55  Zealot x2  
  135  9:58  High Templar x2  
  143  10:02  Archon  
  143  10:06  Warp Prism (Chrono Boost)  
  143  10:08  Photon Cannon  
  143  10:10  Pylon  
  143  10:20  High Templar x2, Zealot x2  
  151  10:27  Archon  
  149  10:31  Zealot  
  149  10:35  Zealot x4  
  147  10:42  Zealot x2  
  147  10:43  Zealot  
  147  10:46  Immortal  
  137  10:57  Stalker x2  
  137  10:58  Stalker x4  
  137  11:01  Stalker  
  137  11:04  Zealot x3  
  147  11:05  Probe x3  
  147  11:09  Photon Cannon  
  154  11:12  Probe  
  154  11:15  Photon Cannon  
  154  11:16  Nexus  
  155  11:19  Pylon  
  155  11:26  Observer  
  155  11:31  Zealot x5  
  142  11:46  Probe  
  141  11:48  Dark Shrine, Probe  
  141  11:50  Photon Cannon  
  141  11:51  Shield Battery  
  141  11:53  Pylon  
  138  11:56  Forge  
  138  11:59  Unknown  
  134  12:02  Stalker x5  
  144  12:06  Shield Battery  
Show
View Real Time Build Order
Export as new Build Order

Nice Protoss 

Build Orders:  

Get SALT Encoding   

  12  0:00  Probe  
  13  0:12  Probe  
  14  0:17  Pylon  
  14  0:24  Probe (Chrono Boost)  
  16  0:36  Probe (Chrono Boost)  
  16  0:39  Gateway  
  16  0:43  Probe (Chrono Boost)  
  16  0:47  Assimilator  
  17  0:51  Probe  
  17  0:54  Assimilator  
  18  1:03  Probe (Chrono Boost)  
  19  1:08  Gateway  
  19  1:13  Probe (Chrono Boost)  
  19  1:17  Probe (Chrono Boost)  
  21  1:25  Cybernetics Core  
  21  1:29  Probe  
  22  1:35  Pylon  
  22  1:43  Probe  
  23  1:55  Probe  
  23  2:00  Warp Gate (Chrono Boost)  
  24  2:01  Sentry  
  24  2:02  Stalker  
  24  2:07  Probe  
  29  2:13  Pylon  
  29  2:16  Shield Battery  
  29  2:29  Stalker  
  31  2:31  Stalker  
  32  2:53  Nexus  
  32  2:58  Shield Battery  
  32  3:04  Probe  
  33  3:10  Pylon  
  33  3:16  Probe (Chrono Boost)  
  35  3:28  Probe (Chrono Boost)  
  35  3:29  Shield Battery  
  35  3:33  Probe (Chrono Boost)  
  36  3:34  Twilight Council  
  36  3:41  Shield Battery  
  36  3:43  Stalker x2  
  36  3:47  Probe  
  42  4:04  Shield Battery  
  42  4:07  Blink (Chrono Boost)  
  42  4:08  Stalker  
  42  4:09  Stalker  
  46  4:14  Probe  
  46  4:16  Probe  
  48  4:32  Stalker x2  
  48  4:34  Shield Battery  
  48  4:38  Probe x2  
  52  4:50  Probe x2  
  51  4:58  Stalker x2  
  55  5:02  Probe x2  
  57  5:14  Probe  
  57  5:17  Robotics Facility  
  59  5:22  Stalker  
  59  5:24  Stalker  
  62  5:35  Pylon  
  62  5:37  Pylon  
  62  5:38  Probe x2  
  62  5:53  Probe x2  
  62  5:55  Stalker x2  
  66  6:06  Observer (Chrono Boost)  
  64  6:11  Probe  
  64  6:12  Nexus, Probe  
  64  6:21  Stalker  
  64  6:22  Stalker  
  64  6:24  Immortal (Chrono Boost)  
  68  6:31  Probe  
  68  6:32  Shield Battery  
  69  6:33  Probe  
  70  6:47  Stalker x2  
  76  6:59  Pylon  
  76  7:00  Immortal (Chrono Boost)  
  78  7:02  Pylon  
  78  7:09  Pylon  
  78  7:13  Probe  
  77  7:16  Probe  
  77  7:21  Stalker x2  
  76  7:25  Probe x2  
  76  7:28  Probe  
  79  7:36  Immortal (Chrono Boost)  
  75  7:37  Probe  
  75  7:41  Probe x2  
  80  7:50  Stalker x2  
  82  7:54  Probe x3  
  85  8:00  Pylon  
  85  8:06  Probe x3  
  85  8:10  Assimilator  
  88  8:18  Probe  
  90  8:20  Observer (Chrono Boost)  
  90  8:21  Shield Battery  
  90  8:23  Stalker  
  90  8:24  Stalker  
  90  8:25  Pylon  
  94  8:28  Gateway  
  94  8:36  Gateway  
  94  8:38  Gateway  
  94  8:42  Gateway  
  94  8:48  Observer, Stalker x2  
  98  8:57  Observer  
  98  8:58  Charge (Chrono Boost)  
  98  9:01  Warp Prism (Chrono Boost)  
  99  9:03  Gateway  
  99  9:05  Gateway  
  98  9:11  Stalker  
  98  9:12  Stalker  
  98  9:14  Observer  
  98  9:16  Observer, Pylon  
  102  9:21  Pylon  
  102  9:24  Zealot, Pylon  
  104  9:33  Stalker x2  
  104  9:38  Stalker x2  
  112  9:49  Stalker x2  
  114  10:05  Stalker x3  
  120  10:11  Zealot  
  120  10:12  Zealot x4  
  123  10:34  Stalker x5  
  123  10:35  Zealot x3  
  102  11:00  Stalker  
  102  11:01  Zealot, Stalker x3  
  102  11:02  Zealot x3  
  112  11:12  Warp Prism (Chrono Boost)  
  114  11:21  Stalker  
  114  11:22  Stalker x2  
  114  11:23  Zealot x2  
  104  11:37  Stalker x2  
  104  11:38  Stalker  
  100  11:45  Zealot x4  
  88  12:01  Stalker x4  
Tags
 
Add a new tag
Caveats
  • Supply blocks, unpowered buildings, or Contaminate may cause inaccurate times.
  • Supply counts are checked every 10 seconds.